 Dungeon Crawl Stone Soup version 0.27.0-1-g7a089689b8 (webtiles) character file.

Game seed: 6519974015477089461

225667 freelancePsychic the Brawler (level 19, -8/294 HPs)
             Began as a Troll Ice Elementalist on Aug 3, 2021.
             Was a High Priest of Trog.
             Mangled by a seven-headed hydra (10 damage)
             ... on level 4 of the Swamp.
             The game lasted 01:36:42 (32776 turns).

freelancePsychic the Brawler (TrIE)                Turns: 32776, Time: 01:36:42

Health: -8/294     AC: 22    Str: 26    XL:     19   Next: 0%
Magic:  10/10      EV: 11    Int: 11    God:    Trog [*****.]
Gold:   1431       SH: 21    Dex: 14    Spells: 19/20 levels left

rFire    . . .     SeeInvis .     - Unarmed
rCold    + . .     Faith    +   M - +0 tower shield
rNeg     + + .     Spirit   .   T - +0 ice dragon scales
rPois    .         Reflect  .   (helmet restricted)
rElec    .         Harm     .   R - +2 cloak
rCorr    .         Rampage  .   (gloves unavailable)
Will     +++..                  (boots unavailable)
Stlth    ..........             L - amulet of faith
HPRegen  2.59/turn              l - +4 ring of protection
MPRegen  0.12/turn              P - ring "Plog" {Fire +Blink rN++ MP-9 Str+3}

@: berserking, lethally poisoned (-8 -> -15), strong-willed, regenerating,
studying 2 skills, quick
A: large, unfitting armour, claws 3, regeneration 1, shaggy fur 1, tough skin 1
a: Renounce Religion, Evoke Blink, Berserk, Trog's Hand, Brothers in Arms


You were on level 4 of the Swamp.
You worshipped Trog.
Trog was extremely pleased with you.
You visited 5 branches of the dungeon, and saw 29 of its levels.
You also visited: Sewer and Volcano.

You collected 2828 gold pieces.
You spent 1397 gold pieces at shops.

Inventory:

Missiles
 a - 6 curare-tipped darts
 h - 541 stones
 j - 3 boomerangs
 k - 4 silver javelins
 w - 4 silver boomerangs
 B - 49 large rocks (quivered)
 F - 11 atropa-tipped darts
 Q - 7 javelins
Armour
 q - +0 acid dragon scales
 M - a +0 tower shield (worn)
 R - a +2 cloak (worn)
 T - +0 ice dragon scales (worn)
Jewellery
 l - a +4 ring of protection (left claw)
 G - a +4 ring of evasion
 K - a ring of positive energy
 L - an amulet of faith (around neck)
 P - the ring "Plog" (right claw) {Fire +Blink rN++ MP-9 Str+3}
   (You acquired it on level 15 of the Dungeon)

   [ring of fire]

   It enhances your fire magic.
   Str:       It affects your strength (+3).
   rF:        It protects you from fire.
   rC:        It makes you vulnerable to cold.
   rN:        It greatly protects you from negative energy.
   MP:        It affects your magic capacity (-9).
   +Blink:    It lets you blink.
 U - the ring "Ulad" {*Corrode Will+ Str+9 Dex+4 Stlth+}
   (You took it off a deep elf elementalist on level 2 of the Depths)

   [ring of willpower]

   Str:       It affects your strength (+9).
   Dex:       It affects your dexterity (+4).
   *Corrode:  It may corrode you when you take damage.
   Will:      It increases your willpower.
   Stlth:     It makes you more stealthy.
 V - the ring "Tezxo" {AC+4 SInv}
   (You took it off a spriggan berserker on level 2 of the Depths)

   [ring of protection]

   AC:        It affects your AC (+4).
   SInv:      It lets you see invisible.
 X - a ring of fire
Wands
 g - a wand of charming (9)
 u - a wand of polymorph (15)
 H - a wand of flame (39)
 I - a wand of paralysis (16)
 N - a wand of iceblast (9)
 O - a wand of mindburst (17)
Scrolls
 b - 6 scrolls of teleportation {@r4}
 d - 6 scrolls of enchant weapon
 e - 2 scrolls of holy word
 p - 4 scrolls of fog
 r - 2 scrolls of enchant armour
 s - 2 scrolls of brand weapon
 v - 7 scrolls of magic mapping
 y - 5 scrolls of identify {@r1}
 S - a scroll of blinking
Potions
 c - 2 potions of resistance
 f - 2 potions of heal wounds {@q2}
 i - 4 potions of flight
 m - 6 potions of lignification
 n - 3 potions of mutation
 o - 5 potions of curing {@q1}
 t - 7 potions of attraction
 x - 6 potions of magic
 z - 3 potions of haste {@q3}
 A - 7 potions of ambrosia
 C - 2 potions of cancellation
 D - 5 potions of might
 E - a potion of berserk rage
 W - a potion of invisibility


   Skills:
 + Level 13.8 Fighting
 - Level 10.1 Throwing
 - Level 10.3 Armour
 - Level 8.3 Dodging
 - Level 1.0 Stealth
 - Level 15.0 Shields
 * Level 20.6 Unarmed Combat
 - Level 1.2 Spellcasting
 - Level 2.9 Ice Magic


You had 19 spell levels left.
You knew the following spells:

 Your Spells              Type           Power      Damage    Failure   Level
a - Freeze                Ice            28%        1d5       22%         1

Your spell library contained the following spells:

 Spells                   Type           Power      Damage    Failure   Level
 Frozen Ramparts          Ice            14%        1d3       54%         3
 Ozocubu's Armour         Ice            7%         N/A       54%         3
 Blink                    Tloc           N/A        N/A       73%         2
 Dazzling Flash           Conj/Hex       0%         N/A       91%         3
 Hailstorm                Conj/Ice       3%         3d3       98%         4
 Iskenderun's Mystic Bla  Conj/Tloc      0%         2d3       100%        4
 Lightning Bolt           Conj/Air       0%         1d11      100%        5
 Starburst                Conj/Fire      0%         8x6d3     100%        6


Dungeon Overview and Level Annotations

Branches:
Dungeon (15/15)            Temple (0/1) D:7            Lair (6/6) D:11
  Swamp (4/4) Lair:2       Spider (0/4) Lair:2        Slime (0/5) Lair:5
    Orc (2/2) D:10            Elf (0/3) Orc:2        Vaults (0/5) D:14
 Depths (2/5) D:15          Sewer (visited)         Volcano (visited)

Altars:
Ashenzari
Cheibriados
Dithmenos
Gozag
Kikubaaqudgha
Makhleb
Nemelex Xobeh
Qazlal
Trog
Vehumet
Wu Jian
Yredelemnul
Zin
The Shining One
Beogh
Lugonu

Shops:
D:2 ?   D:15 !?((   Orc:2 [((!*   Depths:1 *![*   Depths:2 :==

Portals:
Hell: Depths:1 Depths:2
Abyss: Lair:2 Depths:1 Depths:2
Pandemonium: Depths:1

Annotations:
D:3 exclusion: statue
D:7 2 transporters, freelancePsychic's ghost, amateur DsGl
D:10 exclusion: downstairs
D:14 Roxanne
Lair:5 3 runed translucent doors, Zimaveycw's ghost, journeyman OpFi


Innate Abilities, Weirdness & Mutations

You are too large for most types of armour.
You have claws for hands.
Your natural rate of healing is unusually fast.
You are covered in fur. (AC +1)
You have tough skin. (AC +1)


Message History

You hear a roar!
You tear one of the 17-headed hydra's heads off!
The 16-headed hydra grows two more!
You mangle the 18-headed hydra!!
The 18-headed hydra is almost dead.
You are engulfed in poison gas.
You are poisoned.
* * * LOW HITPOINT WARNING * * *
You feel sick.
You claw one of the 18-headed hydra's heads off!
The 17-headed hydra grows two more!
You mangle the 19-headed hydra!!
You feel the power of Trog in you as your rage grows.
You kill the 19-headed hydra!
Trog accepts your kill.
You are engulfed in poison gas.
You are lethally poisoned!
* * * LOW HITPOINT WARNING * * *
You feel very sick.
The bog body points at you and mumbles some strange words.
The bolt of cold misses you.
You have reached level 19!
You enter the shallow water.
Moving in this stuff is going to be slow.
A six-headed hydra comes into view.
* * * LOW HITPOINT WARNING * * *
You feel extremely sick.
The six-headed hydra roars!
A swamp drake comes into view.
The swamp dragon barely misses you. The swamp dragon misses you.
The swamp dragon barely misses you.
You block the eight-headed hydra's attack. x3
The eight-headed hydra bites you but does no damage. x2
The eight-headed hydra barely misses you.
The eight-headed hydra bites you but does no damage.
You block the eight-headed hydra's attack.
The swamp drake closely misses you. The seven-headed hydra bites you.
* * * LOW HITPOINT WARNING * * *
The seven-headed hydra misses you.
The seven-headed hydra bites you but does no damage.
The seven-headed hydra bites you!
You die...

...≈...§$≈ §....≈.≈.
...≈≈..♣♣♣♣♣♣♣♣♣
≈..≈....<.≈≈....
.♣.♣......♣≈≈≈.
♣≈♣.≈..≈≈§.≈≈.
♣♣♣☼..≈≈≈≈≈...♣
♣♣°nn).§≈≈≈≈§..≈≈
♣D@D☼≈.≈.≈≈≈≈≈≈≈≈
♣○Dk○≈§.♣≈≈≈≈≈≈§≈≈
.≈...≈.≈♣♣♣♣..≈≈≈≈≈≈
.D....≈≈≈.♣ .≈.≈§≈≈
≈..#.♣♣§≈≈≈≈♣ ..≈≈≈≈
#P... ♣≈≈≈≈.♣ .)≈≈
.k≈# ♣♣...♣♣ ..
♣♣♣!.


You could see an eight-headed hydra, a seven-headed hydra, a six-headed hydra, a
swamp dragon, 2 bog bodies and 2 swamp drakes.

Vanquished Creatures
  Nikola (Swamp:2)
  Rupert (D:13)
  Jorgrun (D:14)
  A lich (Depths:1)
  A quicksilver dragon (Depths:2)
  A sphinx (Depths:2)
  Frances (Swamp:1)
  2 thorn hunters
  2 fire giants
  An iron dragon (Depths:2)
  Louise (D:14)
  A balrug (Depths:1)
  2 ghouls
  9 stone giants
  A juggernaut skeleton (Depths:2)
  A vampire knight (Depths:2)
  4 very ugly things
  A red draconian (Volcano)
  6 bunyips
  2 spark wasps (Depths:2)
  Snorg (D:10)
  An eleionoma (Swamp:3)
  An eidolon (Depths:2)
  A merfolk impaler (Depths:1)
  5 ettins
  4 fire dragons (Depths:2)
  Josephine (Swamp:1)
  A great orb of eyes (Depths:2)
  3 jiangshi (Depths:2)
  A yaktaur captain (D:10)
  A fire dragon (shapeshifter) (D:15)
  3 rakshasas
  20 hydras
  A monstrous demonspawn (Depths:1)
  6 ice dragons
  7 boulder beetles
  A death knight (D:13)
  An anaconda (Lair:4)
  11 ogre magi
  2 ghost crabs (Depths:2)
  9 centaur warriors
  5 catoblepae
  2 deep troll shamans (Depths:2)
  14 death yaks (Lair:6)
  4 alligators
  2 vampire magi
  2 spriggan berserkers (Depths:2)
  Urug (D:10)
  27 two-headed ogres
  5 hell knights (Depths:2)
  4 tengu warriors (Depths:1)
  3 iron trolls (Depths:2)
  A skeletal warrior (D:14)
  A sixfirhy (Depths:1)
  3 glowing orange brains
  A flayed ghost (Depths:2)
  A death drake (Depths:2)
  2 spriggan druids (Swamp:3)
  A sea snake (Depths:2)
  2 goliath frogs
  A quicksilver dragon simulacrum (Depths:2)
  5 deep trolls (Depths:2)
  A golden dragon skeleton (Depths:2)
  4 bog bodies
  A torturous demonspawn (Depths:1)
  4 wizards
  2 deep elf zephyrmancers (Depths:2)
  3 orc knights
  2 swamp dragons
  2 necromancers
  4 deep elf pyromancers
  6 manticores
  A mana viper (Depths:2)
  A will-o-the-wisp (Swamp:2)
  26 ugly things
  4 orc sorcerers
  2 worldbinders (Depths:2)
  2 cyclopes (D:14)
  A rust devil (Depths:1)
  An iron dragon skeleton (Depths:1)
  11 cane toads
  2 orange demons (Depths:1)
  6 black mambas
  21 elephants
  A spriggan zombie (Depths:1)
  4 rime drakes
  A kobold demonologist (D:8)
  9 komodo dragons
  2 yaktaurs (Volcano)
  An ice devil (Depths:1)
  2 tengu conjurers (Depths:1)
  2 red devils (Depths:1)
  6 tyrant leeches
  A queen bee (Orc:1)
  A jumping spider (Depths:2)
  5 trolls
  4 polar bears
  9 hornets
  18 blink frogs
  4 slime creatures
  Grinder (D:3)
  5 dream sheep (Lair:5)
  2 centaur simulacra
  3 redbacks (Depths:2)
  A stone giant simulacrum (Depths:1)
  A shadow (D:12)
  A water elemental (Depths:1)
  A tarantella (Depths:2)
  An ettin skeleton (Depths:2)
  A tarantella (shapeshifter) (D:13)
  12 spriggans
  5 wyverns
  A vampire (D:9)
  69 yaks
  Grum (D:8)
  7 wraiths
  A golden eye (D:10)
  3 steam dragons
  5 basilisks
  Menkaure (D:6)
  10 swamp worms
  2 vampire mosquitoes (Swamp:3)
  A spatial vortex (Depths:2)
  5 wargs
  12 water moccasins
  2 acid dragons
  2 sky beasts
  2 spriggan simulacra
  21 orc warriors
  A black bear (D:7)
  4 necrophages
  3 boggarts
  35 ogres
  26 wolves
  10 centaurs
  Blork the orc (D:6)
  5 kobold brigands
  10 bullfrogs
  3 scorpions
  2 earth elementals (Depths:2)
  A wyvern zombie (D:7)
  2 gnoll sergeants (D:10)
  24 killer bees
  10 wights (D:9)
  A tengu skeleton (Depths:1)
  A vampire bat (D:7)
  4 electric eels
  4 howler monkeys
  A small abomination (Depths:2)
  3 centaur zombies
  2 hounds (D:4)
  5 centaur skeletons
  A gnoll shaman (D:7)
  5 jellies
  6 orc priests
  A bullfrog skeleton (D:6)
  An iguana (D:6)
  20 orc wizards
  A scorpion zombie (D:5)
  5 hell rats
  A howler monkey zombie (D:8)
  16 gnolls
  4 adders
  A shadow imp (D:6)
  2 white imps
  3 worms
  2 dart slugs
  52 orcs
  4 bat skeletons (D:7)
  3 bat zombies (D:7)
  4 endoplasms
  6 giant cockroaches
  3 goblins
  4 hobgoblins
  10 jackals
  15 kobolds
  3 quokkas
  11 ball pythons
  8 bats
  4 frilled lizards
  3 rats (D:3)
  A lurking horror (Lair:2)
922 creatures vanquished.

Vanquished Creatures (collateral kills)
  Mara (Swamp:3)
  A bone dragon (Depths:2)
  A sphinx (Depths:2)
  A tengu reaver (Depths:2)
  An iron dragon (Depths:2)
  2 frost giants
  A deep elf elementalist (Depths:2)
  A stone giant (Depths:2)
  A spark wasp (Depths:2)
  An ettin (Depths:1)
  A great orb of eyes (Depths:2)
  2 fire dragons (Depths:2)
  An ice dragon (Depths:2)
  A rakshasa (Depths:1)
  5 hydras
  A spriggan air mage (Depths:2)
  A deep troll shaman (Depths:2)
  A spriggan berserker (Depths:2)
  A hell knight (Depths:2)
  A spriggan druid (Swamp:1)
  A glowing orange brain (Depths:1)
  A flayed ghost (Depths:2)
  A wizard (Depths:2)
  A torpor snail (Lair:6)
30 creatures vanquished.

Vanquished Creatures (others)
  A wizard (Depths:2)
  A black bear (Lair:5)
  6 foxfires (Swamp:2)
  37 fungi
  74 plants
119 creatures vanquished.

Grand Total: 1071 creatures vanquished

Notes
Turn   | Place    | Note
-------+----------+-------------------------------------------
     0 | D:1      | freelancePsychic the Troll Ice Elementalist began the quest
                  | for the Orb.
     0 | D:1      | Reached XP level 1. HP: 16/16 MP: 1/1
   223 | D:1      | Reached skill level 1 in Unarmed Combat
   225 | D:1      | Reached XP level 2. HP: 26/26 MP: 2/2
   390 | D:1      | Found a faded altar of an unknown god.
   392 | D:1      | Reached skill level 1 in Fighting
   923 | D:2      | Found Xappibbi's Magic Scroll Boutique.
   952 | D:2      | Reached XP level 3. HP: 33/33 MP: 3/3
   984 | D:2      | Reached skill level 2 in Unarmed Combat
   997 | D:2      | Reached XP level 4. HP: 34/42 MP: 4/4
  1065 | D:2      | Got the Disquisition on Quantum Arcane Weapons
  1448 | D:3      | Reached skill level 3 in Unarmed Combat
  1474 | D:3      | Reached XP level 5. HP: 50/50 MP: 5/5
  1474 | D:3      | Noticed an ogre
  1674 | D:3      | Found a glowing drain.
  1678 | Sewer    | Entered a sewer
  1739 | Sewer    | Noticed a water moccasin
  1757 | Sewer    | Killed a water moccasin
  1758 | Sewer    | Reached skill level 4 in Unarmed Combat
  1758 | Sewer    | Reached XP level 6. HP: 61/61 MP: 6/6
  1931 | D:3      | Noticed Grinder
  1935 | D:3      | Found a radiant altar of Vehumet.
  1959 | D:3      | Paralysed by Grinder for 7 turns
  2309 | D:4      | Found a sparkling altar of Nemelex Xobeh.
  2327 | D:4      | Found a snail-covered altar of Cheibriados.
  2332 | D:4      | Found a basalt altar of Yredelemnul.
  2336 | D:4      | Found a glowing golden altar of the Shining One.
  2341 | D:4      | Found a bloodstained altar of Trog.
  2345 | D:4      | Found a burning altar of Makhleb.
  2350 | D:4      | Found a shadowy altar of Dithmenos.
  2362 | D:4      | Became a worshipper of Trog the Wrathful
  2468 | D:4      | Noticed an orc warrior
  2485 | D:5      | Entered Level 5 of the Dungeon
  2528 | D:5      | Noticed an acid dragon
  2652 | D:4      | Reached skill level 5 in Unarmed Combat
  2652 | D:4      | Reached XP level 7. HP: 62/70 MP: 7/7
  2745 | D:4      | Noticed a steam dragon
  2754 | D:4      | Killed a steam dragon
  2876 | D:4      | Reached skill level 6 in Unarmed Combat
  2927 | D:4      | Reached skill level 5 in Fighting
  3229 | D:6      | Reached XP level 8. HP: 68/80 MP: 8/8
  3394 | D:7      | Reached skill level 7 in Unarmed Combat
  3419 | D:7      | Reached * piety under Trog
  4049 | D:3      | Killed Grinder
  4050 | D:3      | Reached skill level 8 in Unarmed Combat
  4400 | D:6      | Reached XP level 9. HP: 67/92 MP: 9/9
  4838 | D:6      | Noticed Menkaure
  4838 | D:6      | Noticed Blork the orc
  4850 | D:6      | Killed Menkaure
  4853 | D:6      | Killed Blork the orc
  5143 | D:7      | Reached skill level 9 in Unarmed Combat
  5149 | D:7      | Found a staircase to the Ecumenical Temple.
  5316 | D:7      | Noticed freelancePsychic's ghost (amateur DsGl)
  5361 | D:7      | Found a transporter.
  5367 | D:7      | Found a transporter.
  5450 | D:7      | Found an ancient bone altar of Kikubaaqudgha.
  5574 | D:8      | Found a stormy altar of Qazlal.
  5585 | D:8      | Reached ** piety under Trog
  5675 | D:8      | Reached skill level 10 in Unarmed Combat
  5722 | D:8      | Found an ornate altar of the Wu Jian Council.
  6015 | D:8      | Noticed Grum
  6030 | D:8      | Killed Grum
  6031 | D:8      | Reached XP level 10. HP: 106/106 MP: 10/10
  6741 | D:9      | Noticed a sixfirhy
  6975 | D:9      | Found an opulent altar of Gozag.
  7479 | D:9      | Found a glowing silver altar of Zin.
  7610 | D:10     | Entered Level 10 of the Dungeon
  7648 | D:10     | Noticed a yaktaur captain
  7696 | D:9      | Reached skill level 11 in Unarmed Combat
  7732 | D:10     | Killed a yaktaur captain
  8156 | D:10     | Reached *** piety under Trog
  8246 | D:10     | Reached skill level 10 in Fighting
  8324 | D:10     | Found a staircase to the Orcish Mines.
  8329 | Orc:1    | Entered Level 1 of the Orcish Mines
  8388 | D:10     | Noticed Sonja
  8397 | D:10     | Noticed Sonja
  8397 | D:10     | Sonja changed into Sonja the golden eye
  8407 | D:10     | Killed Sonja the golden eye
  8485 | D:10     | Noticed a two-headed ogre
  8492 | D:10     | Killed a two-headed ogre
  8493 | D:10     | Reached XP level 11. HP: 118/118 MP: 11/11
  8655 | D:10     | Noticed Urug
  8852 | D:2      | Bought a scroll of acquirement for 572 gold pieces
  8852 | D:2      | Acquired a manual of Unarmed Combat
  9064 | D:10     | Killed Urug
  9186 | D:11     | Noticed a two-headed ogre
  9195 | D:11     | Killed a two-headed ogre
  9252 | D:11     | Reached skill level 5 in Armour
  9252 | D:11     | Reached skill level 12 in Unarmed Combat
  9330 | D:11     | Noticed a five-headed hydra
  9490 | D:11     | Noticed a boulder beetle
  9607 | Orc:1    | Noticed Snorg
  9647 | D:10     | Killed Snorg
  9727 | Orc:1    | Reached skill level 13 in Unarmed Combat
  9962 | Orc:2    | Entered Level 2 of the Orcish Mines
  9999 | Orc:2    | Reached **** piety under Trog
 10109 | Orc:2    | Noticed a two-headed ogre
 10112 | Orc:2    | Noticed a two-headed ogre
 10113 | Orc:2    | Noticed an ogre mage
 10181 | Orc:1    | Killed a two-headed ogre
 10188 | Orc:1    | Killed a two-headed ogre
 10270 | Orc:2    | Noticed a two-headed ogre
 10289 | Orc:1    | Reached skill level 14 in Unarmed Combat
 10297 | Orc:2    | Killed a two-headed ogre
 10298 | Orc:2    | Reached XP level 12. HP: 61/126 MP: 12/12
 10347 | Orc:2    | Noticed an ogre mage
 10348 | Orc:2    | Killed an ogre mage
 10349 | Orc:2    | Reached skill level 5 in Throwing
 10357 | Orc:2    | Killed an ogre mage
 10361 | Orc:2    | Noticed a two-headed ogre
 10394 | Orc:2    | Killed a two-headed ogre
 10433 | Orc:2    | Noticed a two-headed ogre
 10441 | Orc:2    | Killed a two-headed ogre
 10462 | Orc:2    | Noticed a two-headed ogre
 10471 | Orc:2    | Killed a two-headed ogre
 10472 | Orc:2    | Reached skill level 15 in Unarmed Combat
 10508 | Orc:2    | Noticed a two-headed ogre
 10511 | Orc:2    | Killed a two-headed ogre
 10516 | Orc:2    | Noticed an ogre mage
 10516 | Orc:2    | Noticed a two-headed ogre
 10617 | Orc:2    | Killed an ogre mage
 10619 | Orc:2    | Noticed a two-headed ogre
 10632 | Orc:1    | Killed a two-headed ogre
 10675 | Orc:2    | Noticed a two-headed ogre
 10682 | Orc:2    | Killed a two-headed ogre
 10708 | Orc:2    | Noticed a two-headed ogre
 10735 | Orc:2    | Killed a two-headed ogre
 10736 | Orc:2    | Reached skill level 16 in Unarmed Combat
 10791 | Orc:2    | Found Satus's General Store.
 10793 | Orc:2    | Found Waclepp's Weapon Shoppe.
 10793 | Orc:2    | Found Toad's Antique Weapon Shop.
 10793 | Orc:2    | Found Mohuthoaf's Distillery.
 10936 | Orc:2    | Killed a two-headed ogre
 11019 | Orc:2    | Noticed an ogre mage
 11030 | Orc:2    | Killed an ogre mage
 11031 | Orc:2    | Reached skill level 5 in Dodging
 11071 | Orc:2    | Noticed a two-headed ogre
 11075 | Orc:2    | Noticed a two-headed ogre
 11082 | Orc:2    | Noticed a two-headed ogre
 11114 | Orc:2    | Killed a two-headed ogre
 11207 | Orc:1    | Killed a two-headed ogre
 11216 | Orc:1    | Killed a two-headed ogre
 11217 | Orc:1    | Reached XP level 13. HP: 103/133 MP: 13/13
 11453 | Orc:2    | Found Vadog's Antique Armour Boutique.
 11553 | Orc:2    | Found a staircase to the Elven Halls.
 12441 | D:11     | Found a staircase to the Lair.
 12590 | D:11     | Paralysed by a hornet for 3 turns
 12906 | Lair:1   | Entered Level 1 of the Lair of Beasts
 14230 | Lair:2   | Found a hole to the Spider Nest.
 14634 | Lair:2   | Found a corrupted altar of Lugonu.
 14641 | Lair:2   | Found a one-way gate to the infinite horrors of the Abyss.
 14860 | Lair:2   | Found a staircase to the Swamp.
 15410 | Lair:3   | Found a dark tunnel.
 15418 | Volcano  | Entered a volcano
 15509 | Volcano  | Noticed a red draconian
 15522 | Volcano  | Killed a red draconian
 16633 | Lair:4   | Reached XP level 14. HP: 136/143 MP: 14/14
 18240 | Lair:5   | Found a runed translucent gate.
 18284 | Lair:5   | Found a runed translucent gate.
 18352 | Lair:5   | Found a staircase to the Slime Pits.
 18445 | Lair:5   | Found a runed translucent gate.
 18484 | Lair:5   | Noticed Zimaveycw's ghost (journeyman OpFi)
 18643 | Lair:6   | Entered Level 6 of the Lair of Beasts
 18747 | Lair:6   | Reached ***** piety under Trog
 18932 | Lair:6   | Received a gift from Trog
 19639 | Lair:6   | Reached XP level 15. HP: 145/159 MP: 15/15
 20291 | Lair:6   | Reached skill level 10 in Throwing
 20453 | Lair:6   | Acquired a manual of Unarmed Combat
 21174 | D:12     | Found a glowing silver altar of Zin.
 21471 | D:13     | Noticed Rupert
 21507 | D:13     | Paralysed by Rupert for 5 turns
 21644 | D:13     | Killed Rupert
 21738 | D:13     | Reached skill level 17 in Unarmed Combat
 22220 | D:14     | Noticed Jorgrun
 22222 | D:14     | Noticed Roxanne
 22240 | D:14     | Killed Jorgrun
 22241 | D:14     | Reached skill level 10 in Armour
 22596 | D:14     | Found a broken altar of Ashenzari.
 22696 | D:14     | Noticed Louise
 22716 | D:14     | Killed Louise
 22867 | D:13     | Reached skill level 1 in Shields
 23137 | D:14     | Reached XP level 16. HP: 156/169 MP: 16/16
 23380 | D:14     | Found a gate to the Vaults.
 23574 | D:15     | Entered Level 15 of the Dungeon
 23584 | D:15     | Found Inakozocoy's Distillery.
 23591 | D:15     | Found Zall's Magic Scroll Emporium.
 23595 | D:15     | Bought a scroll of acquirement for 780 gold pieces
 23595 | D:15     | Acquired the ring "Plog" {Fire +Blink rN++ MP-9 Str+3}
 23597 | D:15     | Bought a scroll of teleportation for 45 gold pieces
 23661 | D:15     | Reached skill level 5 in Shields
 23890 | D:15     | Identified the +7 war axe of Distant Shores {venom, Will+}
 24060 | D:15     | Found Coysilos's Antique Weapon Shop.
 24641 | D:15     | Found Ekhai's Antique Weapon Boutique.
 25007 | D:15     | Found a staircase to the Depths.
 25016 | Depths:1 | Entered Level 1 of the Depths
 25302 | Depths:1 | Noticed a lich
 25322 | Depths:1 | Killed a lich
 25547 | Depths:1 | Found a one-way gate leading to the halls of Pandemonium.
 25842 | Depths:1 | Reached skill level 10 in Shields
 26007 | Depths:1 | Found Ollettoh's Assorted Antiques.
 26008 | Depths:1 | Found Ismadorr's Antique Armour Boutique.
 26008 | Depths:1 | Found Woix's Distillery.
 26054 | Depths:1 | Found Waatza's Assorted Antiques.
 26167 | Depths:1 | Found a gateway to Hell.
 26335 | Depths:1 | Reached XP level 17. HP: 101/176 MP: 7/17
 26999 | Depths:2 | Noticed a bone dragon
 27497 | Depths:2 | Found a burning altar of Makhleb.
 27815 | Depths:2 | Noticed a quicksilver dragon
 27870 | Depths:2 | Killed a quicksilver dragon
 27911 | Depths:2 | Identified the ring "Tezxo" {AC+4 SInv}
 28027 | Depths:2 | Identified the ring "Ulad" {*Corrode Will+ Str+9 Dex+4
                  | Stlth+}
 28933 | Depths:2 | Paralysed by a sphinx for 3 turns
 29148 | Depths:2 | Reached XP level 18. HP: 185/185 MP: 9/18
 29424 | Depths:2 | Killed a bone dragon
 29681 | Depths:2 | Found Jihusac's Book Boutique.
 29681 | Depths:2 | Found Qofrelue's Jewellery Shoppe.
 29683 | Depths:2 | Found Pewexihe's Jewellery Shoppe.
 29838 | Depths:2 | Reached skill level 15 in Shields
 29843 | Depths:2 | Reached skill level 18 in Unarmed Combat
 30477 | Swamp:1  | Entered Level 1 of the Swamp
 30635 | Swamp:1  | Noticed Josephine
 30646 | Swamp:1  | Killed Josephine
 30721 | Swamp:1  | Received a gift from Trog
 30725 | Swamp:1  | Noticed Frances
 30737 | Swamp:1  | Killed Frances
 31216 | Swamp:2  | Reached skill level 19 in Unarmed Combat
 31522 | Swamp:2  | Noticed Nikola
 31542 | Swamp:2  | Killed Nikola
 31597 | Swamp:2  | Found the +27 Lear's hauberk
 32058 | Swamp:3  | Reached skill level 20 in Unarmed Combat
 32456 | Swamp:3  | Noticed Mara
 32468 | Swamp:3  | Killed Mara
 32737 | Swamp:4  | Entered Level 4 of the Swamp
 32774 | Swamp:4  | HP: 14/282 [swamp dragon] (1)]
 32776 | Swamp:4  | Reached XP level 19. HP: 11/196 MP: 10/19
 32776 | Swamp:4  | HP: 6/294 [poisoned by a swamp dragon (poison gas)]
 32776 | Swamp:4  | HP: 2/294 [seven-headed hydra (4)]
 32776 | Swamp:4  | Mangled by a seven-headed hydra

Illustrated notes

Levels and vault maps discovered:
D:1:      minmay_arrival_nine_rooms, layout_loops_ring, serial_bayou,
          serial_bayou_ford_a, serial_bayou_crossing, serial_bayou_lagoon_a,
          serial_bayou_lake_a, hellmonk_ecumenical_altar_run_dry
D:2:      layout_rooms, serial_shops, shop, nrook_loot_triangle
D:3:      layout_rooms, vehumet_statue, gup_sewer_entry_bowl, minmay_surrounded,
          uniq_grinder
D:4:      layout_basic, grunt_temple_overflow_octagram
D:5:      layout_loops_ring
D:6:      layout_basic, uniq_menkaure, uniq_blork_the_orc
D:7:      layout_rooms, kennysheep_vampire_church,
          minmay_temple_entry_statues_fountains, gammafunk_ghost_gnarly_gnolls,
          minmay_misc_feat_pillars
D:8:      layout_basic, mainiacjoe_overflow_concentric_impassable,
          nicolae_qazlal_scattered_showers, uniq_grum
D:9:      layout_irregular_city, pdpol_temple_overflow_zin_treasury_gozag_greed
D:10:     layout_stronghold, orc_0_dummy, kennysheep_island_fort, uniq_urug,
          uniq_sonja
D:11:     layout_cave_pools, david_lair_shrubbed
D:12:     layout_cave_pools, zin_statuary
D:13:     layout_basic, minmay_checkerbox, uniq_rupert
D:14:     layout_cave_pools, hangedman_vaults_entry_quadrant_bands,
          evilmike_ruin_ashenzari, uniq_roxanne, uniq_louise, uniq_jorgrun
D:15:     gammafunk_enter_depths_forms, layout_basic, minivault_24,
          serial_shops, nicolae_shop_trees, nicolae_shop_waterfront,
          nicolae_shop_behind_doors, nicolae_shop_temple_entry_statues_fountains
Lair:1:   layout_cave_shapes, infiniplex_staircase_pool
Lair:2:   layout_chaotic_city, minmay_swamp_entry_worms, dummy_spider_entry,
          chequers_serial_rivers_micro_b, amcnicky_altar_lugonu_corruption,
          serial_bayou_shore_b, serial_bayou_shore_b
Lair:3:   layout_loops_ring, enter_volcano_1, grunt_megastairs_1
Lair:4:   layout_roguey, beast_lair_carwin_7, grunt_megastairs_4
Lair:5:   layout_regular_city, nicolae_slime_entry_slimehenge,
          gammafunk_ghost_hydra_chop, chequers_serial_rivers_marsh
Lair:6:   evilmike_catoblepas_cave, layout_regular_city
Swamp:1:  layout_basic_swamp, serial_swamp_ruin, evilmike_swamp_ruin_house_3,
          evilmike_swamp_ruin_house_1, evilmike_swamp_ruin_rubble_1,
          uniq_frances, uniq_josephine
Swamp:2:  layout_falls_marsh, nicolae_swamp_feature_on_the_river_bank,
          uniq_nikola
Swamp:3:  layout_falls_marsh, evilmike_swamp_ruin_house_2, uniq_mara
Swamp:4:  grunt_swamp_rune_castle, layout_basic_swamp,
          ebering_ghost_inner_flame, swamp_pool3
Orc:1:    layout_caves, special_room [special_room_bee], basic_altar, uniq_snorg
Orc:2:    st_orc_ogre_mass, layout_caves, serial_shops, nicolae_square_shop
Depths:1: layout_gridville, grunt_pan_entry_in_and_out, hell_entry, abyss_entry,
          minivault_10, nooodl_orcs_dogs, minmay_shoptagon
Depths:2: minmay_the_grid_triangle_9x9_rhombus_full
          [minmay_the_grid_triangle_9x9_sparse_checkered,
          minmay_the_grid_triangle_9x9_negative_grid,
          minmay_the_grid_triangle_9x9_skeleton,
          minmay_the_grid_triangle_9x9_shrine,
          minmay_the_grid_triangle_9x9_corruption,
          minmay_the_grid_triangle_9x9_warning,
          minmay_the_grid_triangle_9x9_empty,
          minmay_the_grid_triangle_9x9_prize_insulated], layout_basic,
          abyss_entry_crystal, hell_entry, serial_hangedman_research,
          hangedman_research_quantum, hangedman_research_probablistics,
          hangedman_research_convocations, hangedman_research_thanatology,
          hangedman_research_geology, hangedman_research_toxicology,
          minmay_staircase_statues, minmay_shop_grove

Skill      XL: |  1  2  3  4  5  6  7  8  9 10 11 12 13 14 15 16 17 18 |
---------------+-------------------------------------------------------+-----
Unarmed Combat | 1 2 3 4 5 6 8 10 11 14 16 17 20 | 20.6
Fighting       | 1 2 3 4 5 6 8 10 13 | 13.8
Armour         | 3 5 7 8 10 | 10.3
Throwing       | 4 6 8 9 10 | 10.1
Dodging        | 6 8 |  8.3
Shields        | 3 10 14 15 | 15.0
Stealth        | |  1.0
Spellcasting   | |  1.2
Ice Magic      | |  2.9

Action                   |  1- 3 |  4- 6 |  7- 9 | 10-12 | 13-15 | 16-18 | 19-21 || total
-------------------------+-------+-------+-------+-------+-------+-------+-------++-------
Melee: Unarmed           |    77 |   203 |   264 |   472 |  1206 |  1402 |       ||  3624
       Punch             |       |     3 |     5 |    20 |   112 |       |       ||   140
Throw: Stone             |       |    24 |     3 |    19 |    61 |    17 |       ||   124
       Dart              |       |       |       |     9 |     7 |       |       ||    16
       Boomerang         |       |       |       |       |    75 |     1 |       ||    76
       Large rock        |       |       |       |       |     5 |    26 |       ||    31
       Javelin           |       |       |       |       |     1 |       |       ||     1
 Cast: Freeze            |       |     4 |       |       |       |       |       ||     4
Invok: Berserk           |       |       |    10 |    21 |    35 |    35 |       ||   101
       Trog's Hand       |       |       |       |    11 |    13 |    29 |       ||    53
       Brothers in Arms  |       |       |       |       |    10 |    16 |       ||    26
Evoke: Wand              |       |       |       |     8 |       |       |       ||     8
  Use: Scroll            |       |    12 |     1 |     9 |    14 |     8 |       ||    44
       Potion            |       |     3 |     1 |     1 |     2 |     5 |       ||    12
 Stab: Sleeping          |     2 |     4 |     1 |       |     1 |       |       ||     8
       Petrified         |       |       |       |       |     1 |     2 |       ||     3
       Distracted        |       |       |       |       |       |     2 |       ||     2
Armor: Robe              |    23 |   128 |    11 |       |       |       |       ||   162
       Acid dragon scale |       |       |    58 |   169 |   586 |   179 |       ||   992
       Ice dragon scales |       |       |       |       |       |   330 |     4 ||   334
Dodge: Dodged            |    35 |   117 |    99 |   245 |   700 |   394 |     6 ||  1596
Block: Tower shield      |       |       |       |       |    38 |  1100 |     4 ||  1142
